 Dungeon Crawl Stone Soup version 0.28-a0-1506-g3893175d92 (webtiles) character file.

Game seed: 17216861453439563971

224 Lekart the Skirmisher (level 5, -3/47 HPs)
             Began as a Draconian Abyssal Knight on Jan 14, 2022.
             Was a Believer of Lugonu.
             Slain by a gnoll (5 damage)
             ... on level 3 of the Dungeon.
             The game lasted 00:04:18 (3821 turns).

Lekart the Skirmisher (Draconian Abyssal Knight)    Turns: 3821, Time: 00:04:18

Health: -3/47      AC:  5    Str: 15    XL:     5   Next: 67%
Magic:  6/6        EV: 13    Int: 10    God:    Lugonu [**....]
Gold:   113        SH:  0    Dex: 14    Spells: 4/4 levels left

rFire   . . .      SeeInvis .   a - +1 falchion
rCold   . . .      Faith    +   (no shield)
rNeg    . . .      Spirit   .   (armour unavailable)
rPois   .          Reflect  .   (helmet restricted)
rElec   .          Harm     .   (no cloak)
rCorr   .          Rampage  .   (no gloves)
Will    +....                   (no boots)
Stlth   ++........              c - amulet of faith
HPRegen 0.15/turn               e - ring of willpower
MPRegen 0.10/turn               (no ring)

@: no status effects
A: AC +5, unfitting armour, cold-blooded
a: Renounce Religion, Depart the Abyss, Bend Space


You were on level 3 of the Dungeon.
You worshipped Lugonu.
Lugonu was pleased with you.
You visited 1 branch of the dungeon, and saw 3 of its levels.
You visited the Abyss 1 time.

You collected 113 gold pieces.

Inventory:

Hand Weapons
 a - a +1 falchion (weapon)
Jewellery
 c - an amulet of faith (around neck)
 e - a ring of willpower (left hand)
Scrolls
 b - a scroll of holy word {unknown}
 d - a scroll of fear {unknown}
 f - 2 scrolls of enchant armour
 h - a scroll of amnesia {unknown}


   Skills:
 + Level 4.5 Fighting
 + Level 4.0 Long Blades
 + Level 3.4 Dodging
 + Level 0.9 Stealth
 + Level 2.1 Invocations


You had 4 spell levels left.
You didn't know any spells.
Your spell library contained the following spells:

 Spells                   Type           Power      Damage    Failure   Level
 Portal Projectile        Hex/Tloc       0%         N/A       75%         3
 Blade Hands              Tmut           0%         N/A       100%        5
 Excruciating Wounds      Necr           0%         N/A       100%        5


Dungeon Overview and Level Annotations

Branches:
Dungeon (3/15)

Altars:
Hepliaklqana
Qazlal
Yredelemnul

Shops:
D:2 *


Innate Abilities, Weirdness & Mutations

Your plain brown scales are hard. (AC +5)
You cannot fit into any form of body armour.
You are cold-blooded and may be slowed by cold attacks.


Message History

The gnoll hits you but does no damage.
You barely miss the gnoll.
Your tail-slap misses the gnoll.
The gnoll is almost dead.
The gnoll hits you with a +0 whip.
* * * LOW HITPOINT WARNING * * *
You slash the gnoll!
You kill the gnoll!
Lugonu accepts your kill.
Your Long Blades skill increases to level 4!
You start resting.
HP restored.
You climb downwards.
There is a stone staircase leading up here.
You closely miss the gnoll. You tail-slap the gnoll.
The gnoll is lightly wounded.
The gnoll hits you with a +0 whip.
You hit the gnoll.
The gnoll is moderately wounded.
The gnoll hits you with a +0 whip.
You barely miss the gnoll.
The gnoll is moderately wounded.
The gnoll hits you with a +0 whip.
You hit the gnoll.
You tail-slap the gnoll, but do no damage.
The gnoll is severely wounded.
The gnoll hits you with a +0 whip.
You slash the gnoll!
You kill the gnoll!
Lugonu accepts your kill.
You hit the gnoll but do no damage. The gnoll hits you with a +4 flail.
The gnoll closely misses you.
You barely miss the gnoll. The gnoll hits you with a +4 flail!
The gnoll hits you from afar with a +0 spear.
* * * LOW HITPOINT WARNING * * *
You are too injured to fight recklessly!
You are too injured to fight recklessly!
The gnoll hits you with a +4 flail!
* * * LOW HITPOINT WARNING * * *
The gnoll hits you from afar with a +0 spear.
You die...

### #@# #g# ##### #g# #....#
#.################ #....#
#.##.............# #..(.#
#.##..............
#....##########(##.............#
##....##..........#.............#
..................>.............#


You could see 2 gnolls.

Vanquished Creatures
  A gnoll shaman (D:3)
  An orc wizard (D:3)
  9 gnolls
  An adder (D:3)
  An adder zombie (D:3)
  2 worms
  2 dart slugs
  5 orcs (D:3)
  6 ball pythons
  3 bats
  3 endoplasms
  A giant cockroach (D:1)
  6 goblins
  6 hobgoblins
  A jackal (D:1)
  5 kobolds
  A ball python zombie (D:3)
  4 frilled lizards
  A quokka zombie (D:3)
  5 rats
64 creatures vanquished.

Notes
Turn   | Place    | Note
-------+----------+-------------------------------------------
     0 | Abyss:1  | Lekart the Draconian Abyssal Knight began the quest for the
                  | Orb.
     0 | Abyss:1  | Reached XP level 1. HP: 19/19 MP: 2/2
    26 | Abyss:1  | Noticed a vampire
    32 | Abyss:1  | Noticed a lich
    49 | Abyss:1  | Noticed a thrashing horror
    50 | D:1      | Escaped the Abyss
   162 | D:1      | Reached * piety under Lugonu
   174 | D:1      | Reached XP level 2. HP: 13/27 MP: 3/3
  1071 | D:2      | Reached XP level 3. HP: 26/33 MP: 4/4
  1318 | D:2      | Found a hazy altar of Hepliaklqana.
  1571 | D:1      | Reached XP level 4. HP: 9/40 MP: 5/5
  2162 | D:2      | Found Wyidiope's General Store.
  2701 | D:3      | Found a stormy altar of Qazlal.
  2838 | D:3      | Found a basalt altar of Yredelemnul.
  2880 | D:3      | Reached ** piety under Lugonu
  2885 | D:3      | Reached XP level 5. HP: 27/46 MP: 6/6
  3821 | D:3      | HP: 2/47 [gnoll (12)]
  3821 | D:3      | Slain by a gnoll

Illustrated notes

Levels and vault maps discovered:
D:1:      lemuel_arrival_room, layout_basic, minmay_three_crescents
D:2:      layout_basic, basic_altar, serial_shops, shop
D:3:      minmay_bubble_buster, layout_basic, nicolae_yredelemnul_corpse_copse,
          nicolae_wu_jian_wuxing_cycle, mainiacjoe_overflow_alcove_2,
          mainiacjoe_overflow_alcove_4

Skill      XL: |  1  2  3  4  5 |
---------------+----------------+-----
Fighting       | 4 |  4.5
Long Blades    | 3 4 |  4.0
Dodging        | 3 |  3.4
Stealth        | |  0.9
Invocations    | |  2.1

Action                   |  1- 3 |  4- 6 || total
-------------------------+-------+-------++-------
Melee: Falchion          |    85 |   126 ||   211
       Tailslap          |    13 |    19 ||    32
       Punch             |     2 |     2 ||     4
Invok: Depart the Abyss  |     1 |       ||     1
  Use: Scroll            |     5 |       ||     5
       Potion            |     2 |     1 ||     3
 Stab: Sleeping          |     1 |     3 ||     4
Armor: Skin              |    22 |    27 ||    49
Dodge: Dodged            |    50 |    99 ||   149

Table legend: (Time is in decaauts)
 A = Elapsed time spent in this place.
 B = Non-inter-level travel time spent in this place.
 C = Inter-level travel time spent in this place.
 D = Time resting spent in this place.
 E = Time spent auto-exploring this place.
 F = Levels seen in this place.
 G = Mean time per level.
                   A        B        C        D        E       F      G
               +--------+--------+--------+--------+--------+-----+--------+
         Total |   3860 |   3797 |     63 |   1041 |   2123 |   4 |  965.0 |
       Dungeon |   3810 |   3747 |     63 |   1041 |   2123 |   3 | 1270.0 |
         Abyss |     50 |     50 |      0 |      0 |      0 |   1 |   50.0 |
               +--------+--------+--------+--------+--------+-----+--------+

Top non-repeatable levels by time:
     D:2: 1583 daAuts
     D:1: 1192 daAuts
     D:3: 1034 daAuts
 Abyss:1: 50 daAuts
